 Dungeon Crawl Stone Soup version 0.29.1-12-g30fa7ad0bf (webtiles) character file.

Game seed: 12675088494553916942

66 LustLizard the Sneak (level 4, 0/41 HPs)
             Began as a Gnoll Wanderer on Jan 18, 2023.
             Slain by a hobgoblin (3 damage)
             ... led by Robin
             ... on level 2 of the Dungeon.
             The game lasted 00:02:41 (1631 turns).

LustLizard the Sneak (Gnoll Wanderer)               Turns: 1631, Time: 00:02:42

Health: 0/41       AC:  5    Str: 11    XL:     4   Next: 15%
Magic:  8/8        EV: 10    Int: 11    God:
Gold:   123        SH:  0    Dex: 14    Spells: 9/9 levels left

rFire   . . .      SeeInvis .   d - +0 sling
rCold   . . .      Faith    .   (no shield)
rNeg    . . .      Spirit   .   e - +0 ring mail
rPois   .          Reflect  .   (no helmet)
rElec   .          Harm     .   (no cloak)
rCorr   .          Rampage  .   (no gloves)
Will    .....                   (no boots)
Stlth   +++.......              (no amulet)
HPRegen 0.13/turn               h - ring of flight
MPRegen 0.11/turn               (no ring)

@: flying
A: fangs 1, strong nose, distributed training
a: no special abilities


You were on level 2 of the Dungeon.
You visited 1 branch of the dungeon, and saw 2 of its levels.

You collected 123 gold pieces.

Inventory:

Hand Weapons
 a - a +0 dagger
 d - a +0 sling (weapon)
 f - a +1 dagger of venom
Missiles
 b - 2 atropa-tipped darts
 c - 2 datura-tipped darts
 i - 5 poisoned darts
Armour
 e - a +0 ring mail (worn)
Jewellery
 h - a ring of flight (left hand)
Wands
 n - a wand of digging (4)
Scrolls
 g - 4 scrolls of identify {unknown}
 j - a scroll of teleportation {unknown}
 k - 2 scrolls of noise {unknown}
Potions
 l - a potion of degeneration {unknown}
 m - a potion of mutation {unknown}


   Skills:
 + Level 6.6 Fighting
 + Level 1.1 Short Blades
 + Level 1.1 Long Blades
 + Level 1.1 Axes
 + Level 1.1 Maces & Flails
 + Level 1.1 Polearms
 + Level 1.1 Staves
 + Level 2.7 Ranged Weapons
 + Level 1.1 Throwing
 + Level 2.7 Armour
 + Level 1.1 Dodging
 + Level 7.8 Stealth
 + Level 1.1 Shields
 + Level 1.1 Unarmed Combat
 + Level 3.0 Spellcasting
 + Level 0.8 Conjurations
 + Level 0.8 Hexes
 + Level 0.8 Summonings
 + Level 0.8 Necromancy
 + Level 0.8 Translocations
 + Level 0.8 Transmutations
 + Level 0.8 Fire Magic
 + Level 0.8 Ice Magic
 + Level 0.8 Air Magic
 + Level 0.8 Earth Magic
 + Level 0.8 Poison Magic
 + Level 1.2 Invocations
 + Level 1.1 Evocations


You had 9 spell levels left.
You didn't know any spells.
Your spell library contained the following spells:

 Spells                   Type           Power      Damage    Failure   Level
 Summon Forest            Summ/Tloc      1%         N/A       100%        5
 Summon Mana Viper        Hex/Summ       3%         N/A       100%        5
 Summon Cactus Giant      Summ           1%         N/A       100%        6


Dungeon Overview and Level Annotations

Branches:
Dungeon (2/15)

Altars:

Annotations:
D:2 Robin


Innate Abilities, Weirdness & Mutations

You have very sharp teeth.
Your uncanny sense of smell can sniff out nearby items.
Your experience applies equally to all skills.


Message History

Fire: d) +0 sling
Press: ? - help, Q - select action, (/) - cycle Shift-Dir - straight line, f - goblin, p - Robin
Aim: a goblin, wielding a +2 dagger of protection and quivering poisoned darts (strong, 53% to hit)
You shoot a sling bullet.
The sling bullet barely misses the goblin.
Robin roars a battlecry!
The hobgoblin goes into a battle-frenzy!
The goblin misses you. The hobgoblin hits you.
Fire: d) +0 sling
Press: ? - help, Q - select action, (/) - cycle Shift-Dir - straight line, f/p - goblin
Aim: a goblin, wielding a +2 dagger of protection and quivering poisoned darts (strong, 53% to hit)
You shoot a sling bullet. The sling bullet hits the goblin.
The goblin is moderately wounded.
Robin closely misses you.
The goblin hits you with a +2 dagger of protection.
A rat comes into view.
The hobgoblin closely misses you. Robin hits you but does no damage.
The hobgoblin barely misses you.
The goblin hits you with a +2 dagger of protection.
Unknown command.
Fire: d) +0 sling
Press: ? - help, Q - select action, (/) - cycle Shift-Dir - straight line, f/p - goblin
Aim: a goblin, wielding a +2 dagger of protection and quivering poisoned darts (moderately wounded, strong, 53% to hit)
You shoot a sling bullet. The sling bullet hits the goblin.
You kill the goblin!
Robin hits you with a +0 falchion.
* * * LOW HITPOINT WARNING * * *
The hobgoblin hits you.
* * * LOW HITPOINT WARNING * * *
The rat twitches its whiskers.
Unknown command.
Fire: d) +0 sling
Press: ? - help, Q - select action, (/) - cycle Shift-Dir - straight line, f - Robin
Aim: Robin, wielding a +0 falchion, wearing a +0 animal skin and wearing a +2 helmet (moderately wounded, 68% to hit)
You shoot a sling bullet.
The sling bullet hits Robin but does no damage.
Robin is moderately wounded.
Robin barely misses you. The hobgoblin barely misses you.
Robin closely misses you. The hobgoblin hits you.
You die...

∆ ###### #.#
.....###.## ###
..........# #..
.....# #..# #.#
.....# #..# #.#
.....# #..# #.#
.....###..####.####
...............>@g#
...............##g#
.....####.###### g#
#.##.# #.# rg
#.##.####.# ###
#.........#
####.###### # #.#
##### # #.# ##...##


You could see Robin, 2 hobgoblins, a goblin and a rat.

Vanquished Creatures
  2 adders (D:2)
  A worm (D:2)
  A dart slug (D:1)
  5 bats
  An endoplasm (D:1)
  A giant cockroach (D:1)
  9 goblins
  5 hobgoblins
  2 kobolds (D:2)
  4 quokkas
  4 ball pythons (D:1)
  3 rats
38 creatures vanquished.

Notes
Turn   | Place    | Note
-------+----------+-------------------------------------------
     0 | D:1      | LustLizard the Gnoll Wanderer began the quest for the Orb.
     0 | D:1      | LustLizard set off with the following items: a +0 dagger, 2
                  | atropa-tipped darts, 2 datura-tipped darts, a +0 sling, a
                  | +0 ring mail, a scroll of blinking.
     0 | D:1      | Reached XP level 1. HP: 23/23 MP: 4/4
    65 | D:1      | Reached XP level 2. HP: 29/29 MP: 5/5
   594 | D:1      | Reached XP level 3. HP: 35/35 MP: 7/7
   833 | D:2      | Reached skill level 1 in Invocations
   841 | D:2      | Reached skill level 1 in Short Blades
   841 | D:2      | Reached skill level 1 in Long Blades
   841 | D:2      | Reached skill level 1 in Axes
   841 | D:2      | Reached skill level 1 in Maces & Flails
   841 | D:2      | Reached skill level 1 in Polearms
   841 | D:2      | Reached skill level 1 in Staves
   841 | D:2      | Reached skill level 1 in Throwing
   841 | D:2      | Reached skill level 1 in Dodging
   841 | D:2      | Reached skill level 1 in Shields
   841 | D:2      | Reached skill level 1 in Unarmed Combat
   841 | D:2      | Reached skill level 1 in Evocations
   982 | D:2      | Noticed Robin
  1277 | D:2      | Reached XP level 4. HP: 40/41 MP: 8/8
  1631 | D:2      | Slain by a hobgoblin

Illustrated notes

Levels and vault maps discovered:
D:1:      shiori_arrival_elements, layout_rooms
D:2:      layout_loops_ring, uniq_robin, uniq_terence, uniq_crazy_yiuf_cottage

Skill      XL: |  1  2  3  4 |
---------------+-------------+-----
Invocations    | 1 |  1.2
Short Blades   | 1 |  1.1
Long Blades    | 1 |  1.1
Axes           | 1 |  1.1
Maces & Flails | 1 |  1.1
Polearms       | 1 |  1.1
Staves         | 1 |  1.1
Throwing       | 1 |  1.1
Dodging        | 1 |  1.1
Shields        | 1 |  1.1
Unarmed Combat | 1 |  1.1
Evocations     | 1 |  1.1
Spellcasting   | 3 |  3.0
Fighting       | |  6.6
Ranged Weapons | |  2.7
Armour         | |  2.7
Stealth        | |  7.8
Conjurations   | |  0.8
Hexes          | |  0.8
Summonings     | |  0.8
Necromancy     | |  0.8
Translocations | |  0.8
Transmutations | |  0.8
Fire Magic     | |  0.8
Ice Magic      | |  0.8
Air Magic      | |  0.8
Earth Magic    | |  0.8
Poison Magic   | |  0.8

Action                   |  1- 3 |  4- 6 || total
-------------------------+-------+-------++-------
 Fire: Sling             |   126 |    35 ||   161
  Use: Scroll            |     1 |       ||     1
Armor: Ring mail         |    54 |     5 ||    59
Dodge: Dodged            |    50 |    16 ||    66
